Unix NetHack Version 3.7.0-51 Work-in-progress - last build Mar 5 2022 15:52:53 (3e130be0c1ddd05abc82209e6fa801a07eef1cd3,branch:master). Game began 2022-03-06 06:47:28, ended 2022-03-06 13:24:18. spontiff, neutral male gnomish Healer ---- ..--- ---- ....- ---..-- ... |.....| --... ----|.....| ... |..|-.|.--- ...- ----..|..|-- -..-- |.|......-- ....| --....)...| -...| ----.....-- --...| |......| |....| -----......-- --....---.--........| |........v..........| --..|[.............[| -----........|....<| |........---...-- --.|.----- ----- ----- Spontiff the Rhizotomist St:9 Dx:9 Co:18 In:8 Wi:18 Ch:18 Neutral S:400 Dlvl:9 $:0 HP:0(26) Pw:2(7) AC:-3 Xp:1/0 T:7723 Latest messages: You drop an uncursed wand called marble 175z. You drop an uncursed wand called brass 200z CANCEL?. You drop an uncursed wand called iron 150z. You drop an uncursed wand called runed 150z. You drop a wand called uranium mi. You drop a potion called swirly 50z deli. You drop an uncursed potion called swirly 50z deli. You drop an uncursed wand of sleep (0:-1). You drop an uncursed scroll of blank paper. You drop an uncursed dart. The steam vortex engulfs you! You were wearing an uncursed concave amulet. You finish disrobing. You are burning to a crisp! What do you want to remove? [*] Never mind. What do you want to take off? [ghqrv or ?*] [ You don't have that object. What do you want to take off? [ghqrv or ?*] Never mind. What do you want to take off? [ghqrv or ?*] g You are burning to a crisp! You are burning to a crisp! You get expelled! There are many objects here. You finish taking off your gloves. You drop an uncursed concave amulet. You cannot drop something you are wearing. You drop an uncursed +0 pair of leather gloves. You cannot drop something you are wearing. You cannot drop something you are wearing. You cannot drop something you are wearing. You cannot drop something you are wearing. The large cat bites the steam vortex. The steam vortex misses the large cat. The steam vortex just misses! The steam vortex engulfs you! You are burning to a crisp! What do you want to take off? [hqrv or ?*] h You finish taking off your helm. What do you want to take off? [qrv or ?*] q You were wearing an uncursed +0 dwarvish cloak. You are burning to a crisp! You are burning to a crisp! What do you want to take off? [drv or ?*] r You were wearing an uncursed +0 small shield. You are burning to a crisp! You die... Do you want your possessions identified? [ynq] (y) y Do you want to see the dungeon overview? [ynq] (y) y Major events: Turn 1: spontiff the neutral male gnomish Healer entered the dungeon 719: entered the Gnomish Mines 3711: reached Mine Town 7723: killed by a steam vortex Inventory: Armor h - an uncursed +0 orcish helm v - an uncursed +0 pair of water walking boots (being worn) r - an uncursed +0 small shield q - an uncursed +0 dwarvish cloak d - an uncursed +0 studded leather armor (being worn) Spontiff the Healer's attributes: Background: You were a Rhizotomist, a level 1 male gnomish Healer. You were neutral, on a mission for Hermes who was opposed by Athena (lawful) and Poseidon (chaotic). You were in the Gnomish Mines, on level 9. You entered the dungeon 7723 turns ago. You had 0 experience points, 20 were needed to attain level 2. Your score was 400 before end-of-game adjustments. Basics: You had 0 out of 26 hit points. You had 2 out of 7 energy points (spell power). Your armor class was -3. Your wallet was empty. Autopickup was on for '$!/="?' plus thrown, with exceptions. Final Characteristics: Your strength was 9 (limit:18/50). Your dexterity was 9 (limit:18). Your constitution was 18 (limit:18). Your intelligence was 8 (limit:19). Your wisdom was 18 (limit:18). Your charisma was 18 (limit:18). Final Status: You were engulfed by a steam vortex. You were not hungry. You were unencumbered. You were bare handed. You were unskilled in bare handed combat. Final Attributes: You were piously aligned. You were poison resistant. You had infravision. You could walk on water. You had a moderate defense bonus (+9). You were warded. You are dead. Miscellaneous: You never encountered a bones level. Total elapsed playing time was 1 hour, 53 minutes and 39 seconds. Vanquished creatures: a small mimic 4 watchmen a leprechaun 2 imps 3 rock piercers a rock mole a pony a shrieker 3 gnome leaders a gnomish wizard an elf zombie a paper golem a giant ant a floating eye a kitten 14 dwarves 3 homunculi 3 rothes 2 rabid rats 4 giant bats 3 monkeys 3 orc zombies 4 dwarf zombies a wererat 3 werejackals 4 iguanas 2 killer bees 3 acid blobs 3 coyotes 2 gas spores 8 hobbits a manes a hobgoblin 6 giant rats a brown mold 5 yellow molds 3 green molds 3 red molds 11 gnomes 2 gnome zombies 21 geckos 17 jackals 4 foxes 2 kobolds 4 goblins 4 sewer rats 15 grid bugs 3 bats 4 lichens 6 newts 198 creatures vanquished. No species were genocided or became extinct. Voluntary challenges: You never hit with a wielded weapon. You were a pacifist. You were illiterate. You never engraved Elbereth. You never genocided any monsters. You never polymorphed an object. You used no wishes. Achievements: You entered the Gnomish Mines. You entered Minetown. You entered a shop. You entered a temple. The Dungeons of Doom: levels 1 to 4 Level 1: Level 2: A fountain. Level 3: A sink. Stairs down to The Gnomish Mines. Level 4: "Stashlet" A fountain, a sink. The Gnomish Mines: levels 4 to 9 Level 4: Level 5: "magic trap; stashlet" Level 6: Level 7: Many shops, a temple, many fountains. Level 8: "Polytrap" Level 9: <- You were here. Final resting place for you, killed by a steam vortex. Game over: ---------- / \ / REST \ / IN \ / PEACE \ / \ | spontiff | | 0 Au | | killed by a | | steam vortex | | | | | | 2022 | *| * * * | * _________)/\\_//(\/(/\)/\//\/|_)_______ Goodbye spontiff the Healer... You died in The Gnomish Mines on dungeon level 9 with 400 points, and 0 pieces of gold, after 7723 moves. You were level 1 with a maximum of 26 hit points when you died.